 Dungeon Crawl Stone Soup version 0.27-a0-1217-g8a41f320e8 (webtiles) character file.

Game seed: 12196571600372991027

84 Armakuni the Twirler (level 4, 0/38 HPs)
             Began as a Demigod Gladiator on June 5, 2021.
             Slain by Natasha (8 damage)
             ... on level 2 of the Dungeon.
             The game lasted 00:03:01 (929 turns).

Armakuni the Twirler (Demigod Gladiator)             Turns: 929, Time: 00:03:02

Health: 0/38       AC:  6    Str: 15    XL:     4   Next: 3%
Magic:  6/6        EV: 11    Int: 14    God:
Gold:   82         SH:  0    Dex: 15    Spells: 3/3 levels left

rFire    . . .     SeeInvis .   a - +1 quarterstaff (venom)
rCold    . . .     Faith    .   (shield currently unavailable)
rNeg     . . .     Spirit   .   h - +0 ring mail
rPois    .         Reflect  .   c - +0 helmet
rElec    .         Harm     .   (no cloak)
rCorr    .         Rampage  .   (no gloves)
Will     .....                  (no boots)
Stlth    +.........             (no amulet)
HPRegen  0.12/turn              (no ring)
MPRegen  0.10/turn              (no ring)

@: no status effects
A: high mp 1, forlorn
a: no special abilities


You were on level 2 of the Dungeon.
You visited 1 branch of the dungeon, and saw 2 of its levels.

You collected 82 gold pieces.

Inventory:

Hand Weapons
 a - a +1 quarterstaff of venom (weapon)
Missiles
 d - a throwing net
 e - 11 poisoned darts (quivered)
Armour
 c - a +0 helmet (worn)
 h - a +0 ring mail (worn)
Magical Staves
 b - a staff of death
 f - a staff of fire
Scrolls
 i - a scroll of immolation


   Skills:
 + Level 3.1 Fighting
 + Level 3.8 Staves
 - Level 1.7 Throwing
 - Level 2.6 Dodging


You had 3 spell levels left.
You didn't know any spells.
Your spell library was empty.

Dungeon Overview and Level Annotations

Branches:
Dungeon (2/15)

Annotations:
D:2 Natasha


Innate Abilities, Weirdness & Mutations

Your attributes grow dramatically as you level up.
You have an increased reservoir of magic. (+10% MP)
You shall have no god before yourself.


Message History

Natasha is almost dead.
The quokka barely misses you. The quokka closely misses you.
Natasha casts a spell at you. You resist with some effort.
The white imp hits you but does no damage.
You thump Natasha!
You kill Natasha!
Natasha yowls pathetically as she dies!
The white imp disappears in a puff of smoke!
The quokka closely misses you.
Your Fighting skill increases to level 3!
Things that are here:
a +0 dagger; a +0 robe; a bat corpse The quokka closely misses you.
You sock the quokka!
You kill the quokka!
An orc comes into view. It is wielding a +0 club.
The orc shouts!
The orc closely misses you.
You sock the orc!
You kill the orc!
You have reached level 4!
Unknown command.
The orc throws a boomerang.
The boomerang closely misses you.
Natasha, Servant of Life and Death comes into view.
The orc hits you with a +0 hand axe.
You sock the orc!
You kill the orc!
Natasha drinks a potion.
Natasha flickers and vanishes!
Deactivating autopickup; reactivate with Ctrl-A.
Something claws you.
You hear some strange, mumbled words.
A magic dart appears from out of thin air!
The magic dart hits you.
You barely miss something. Something claws you.
You hit something but do no damage. Something claws you.
You closely miss something. Something claws you!
* * * LOW HITPOINT WARNING * * *
You closely miss something. Something claws you!
You die...

. #..# .. #..# ...###..#
###### ........# ### #.....
........# ##.###.....
........###########...##.....
#†.)))....[.............
#.#######.#.............
#......@{o#.............
...########.###.###..... ###
........#.# ####.# ###.#†..#
#.# ..#.### #.# #$#.# #.#
#..# #.# ##.# >.. ##.


You could see an orc.

Vanquished Creatures
  Natasha (D:2)
  An orc wizard (D:2)
  An adder (D:2)
  A dart slug (D:1)
  2 orcs (D:2)
  3 bats (D:2)
  An endoplasm (D:1)
  A giant cockroach (D:2)
  3 hobgoblins (D:1)
  A kobold (D:1)
  A quokka (D:2)
  4 ball pythons
  4 frilled lizards (D:1)
  A rat (D:1)
25 creatures vanquished.

Vanquished Creatures (collateral kills)
  A giant cockroach (D:2)
1 creature vanquished.

Grand Total: 26 creatures vanquished

Notes
Turn   | Place    | Note
-------+----------+-------------------------------------------
     0 | D:1      | Armakuni the Demigod Gladiator began the quest for the Orb.
     0 | D:1      | Reached XP level 1. HP: 17/17 MP: 3/3
   219 | D:1      | Reached XP level 2. HP: 24/24 MP: 4/4
   536 | D:2      | HP: 1/25 [poisoned by an adder]
   901 | D:2      | Noticed Natasha
   902 | D:2      | Reached XP level 3. HP: 24/30 MP: 5/5
   909 | D:2      | Killed Natasha
   917 | D:2      | Reached XP level 4. HP: 30/38 MP: 6/6
   918 | D:2      | Noticed Natasha
   929 | D:2      | Slain by Natasha

Illustrated notes

Levels and vault maps discovered:
D:1:      scummos_arrival_checkerplants, layout_rooms,
          hellmonk_ecumenical_altar_blasted
D:2:      layout_loops_ring, minmay_misc_feat_cross, minmay_misc_feat_encased,
          uniq_natasha

Skill      XL: |  1  2  3 |
---------------+----------+-----
Fighting       | 2 3 |  3.1
Staves         | 3 |  3.8
Throwing       | |  1.7
Dodging        | |  2.6

Action                   |  1- 3 |  4- 6 || total
-------------------------+-------+-------++-------
Melee: Quarterstaff      |    60 |     5 ||    65
Throw: Throwing net      |     3 |       ||     3
  Use: Potion            |     1 |       ||     1
       Scroll            |     3 |       ||     3
 Stab: Sleeping          |     1 |       ||     1
Armor: Leather armour    |    18 |       ||    18
       Ring mail         |     3 |       ||     3
Dodge: Dodged            |    61 |     1 ||    62

Table legend: (Time is in decaauts)
 A = Elapsed time spent in this place.
 B = Non-inter-level travel time spent in this place.
 C = Inter-level travel time spent in this place.
 D = Time resting spent in this place.
 E = Time spent auto-exploring this place.
 F = Levels seen in this place.
 G = Mean time per level.
                   A        B        C        D        E       F      G
               +--------+--------+--------+--------+--------+-----+--------+
         Total |    938 |    920 |     18 |    276 |    389 |   2 |  469.0 |
       Dungeon |    938 |    920 |     18 |    276 |    389 |   2 |  469.0 |
               +--------+--------+--------+--------+--------+-----+--------+

Top non-repeatable levels by time:
     D:1: 478 daAuts
     D:2: 459 daAuts
